 Dungeon Crawl Stone Soup version 0.22-a0-246-gdc04c06 (webtiles) character file.

52425 mhoghedin the Thaumaturge (level 14, -2/114 HPs)
             Began as a Green Draconian Venom Mage on Feb 22, 2018.
             Was the Champion of Vehumet.
             Slain by an entropy weaver (7 damage)
             ... on level 6 of the Lair of Beasts.
             The game lasted 01:00:36 (20267 turns).

mhoghedin the Thaumaturge (DrVM)                   Turns: 20267, Time: 01:00:37

Health: -2/114     AC:  0    Str: 11    XL:     14   Next: 27%
Magic:  37/38      EV: 15    Int: 20    God:    Vehumet [******]
Gold:   835        SH:  4    Dex: 12    Spells: 1/36 levels left

rFire    . . .     SeeInvis +   b - +9 staff of Olgreb {rPois}
rCold    . . .     Gourm    .   (no shield)
rNeg     . . .     Faith    .   (armour unavailable)
rPois    ∞         Spirit   .   G - +0 hat
rElec    .         Reflect  +   (no cloak)
rCorr    .         Harm     .   B - +2 pair of gloves
MR       +....                  A - +0 pair of boots
Stlth    ++........             H - +4 amulet of reflection
HPRegen  0.29/turn              q - ring of magical power {MP+9}
MPRegen  0.26/turn              w - ring of see invisible {sInv, !d}

@: radiating poison, corroded
A: breathe noxious fumes, unfitting armour, stinger 1, poison resistance,
cold-blooded, AC +8
a: Breathe Noxious Fumes, Renounce Religion


You were on level 6 of the Lair of Beasts.
You worshipped Vehumet.
Vehumet was exalted by your worship.
You were hungry.

You visited 3 branches of the dungeon, and saw 18 of its levels.

You collected 1242 gold pieces.
You spent 407 gold pieces at shops.

Inventory:

Hand Weapons
 a - the +8 quarterstaff of Calculation {crush, rElec Str+3 Dex-4}
   (You bought it in a shop on level 11 of the Dungeon)

   It inflicts extra damage upon your enemies.
   It affects your strength (+3).
   It affects your dexterity (-4).
   It insulates you from electricity.
 b - the +9 staff of Olgreb (weapon) {rPois}
   (You found it on level 7 of the Dungeon)

   It protects you from poison.
Missiles
 i - 2 throwing nets {=f, !d}
 O - 3 curare-tipped needles
Armour
 A - a +0 pair of boots (worn)
   (You found it on level 10 of the Dungeon)
 B - a +2 pair of gloves (worn)
   (You found it on level 11 of the Dungeon)
 D - a +0 cloak
   (You found it on level 2 of the Lair of Beasts)
 G - a +0 hat (worn)
   (You found it on level 1 of the Lair of Beasts)
Jewellery
 q - a ring of magical power (left hand) {MP+9}
   (You found it on level 4 of the Dungeon)
 w - a ring of see invisible (right hand) {sInv, !d}
   (You found it on level 8 of the Dungeon)
 C - a -3 ring of dexterity
   (You bought it in a shop on level 11 of the Dungeon)
 H - a +4 amulet of reflection (around neck)
   (You found it on level 1 of the Lair of Beasts)
 J - an uncursed ring of fire {unknown}
   (You found it on level 1 of the Lair of Beasts)
Wands
 c - a wand of polymorph (20)
   (You found it on level 10 of the Dungeon)
 g - a wand of random effects (61)
   (You took it off an orc on level 8 of the Dungeon)
 h - a wand of disintegration (13)
   (You found it on level 10 of the Dungeon)
 l - a wand of enslavement (16)
   (You found it on level 7 of the Dungeon)
 v - a wand of paralysis (45)
   (You found it on level 10 of the Dungeon)
 x - a wand of scattershot (4)
   (You took it off a centaur on level 8 of the Dungeon)
 M - a wand of digging (8)
   (You found it on level 3 of the Lair of Beasts)
 N - a wand of acid (11)
   (You found it on level 4 of the Lair of Beasts)
Scrolls
 e - 5 scrolls of enchant armour
 f - 7 scrolls of enchant weapon
 n - 4 scrolls of identify
 t - a scroll of blinking {!r}
 y - 4 scrolls of teleportation
 E - a scroll of fog
 F - 3 scrolls of remove curse
 L - a scroll of fear
Potions
 d - 3 potions of agility
 j - 4 potions of curing
 k - a potion of magic {unknown}
 m - 5 potions of flight
 o - a potion of lignification {!q}
 p - 2 potions of cancellation
 s - 3 potions of haste
 u - a potion of invisibility
 z - 2 potions of might
 K - a potion of berserk rage {unknown}
 P - a potion of degeneration {unknown}
 Q - a potion of mutation {unknown}
Miscellaneous
 I - a fan of gales
   (You found it on level 1 of the Lair of Beasts)
Comestibles
 r - 21 rations
 R - 4 chunks of flesh {@w0}


   Skills:
 + Level 7.7 Fighting
 - Level 5.8 Staves
 + Level 5.7 Dodging
 - Level 1.7 Stealth
 - Level 11.6 Spellcasting
 - Level 11.0 Conjurations
 - Level 7.3 Ice Magic
 - Level 7.4 Air Magic
 - Level 8.8 Earth Magic
 - Level 9.7 Poison Magic
 - Level 3.1 Evocations


You had one spell level left.
You knew the following spells:

 Your Spells              Type           Power        Failure   Level  Hunger
a - Sting                 Conj/Pois      ####         1%          1    None
b - Poisonous Vapours     Pois/Air       ######       1%          2    None
c - Olgreb's Toxic Radia  Pois           ######..     1%          4    #......
d - Stone Arrow           Conj/Erth      ######       1%          3    None
e - Venom Bolt            Conj/Pois      ######....   1%          5    ####...
f - Freezing Cloud        Conj/Ice/Air   #####.....   7%          6    ######.
g - Bolt of Cold          Conj/Ice       #####.....   5%          6    ######.
x - Mephitic Cloud        Conj/Pois/Air  ######..     1%          3    None
z - Lee's Rapid Deconstr  Erth           #####.....   1%          5    ####...


Dungeon Overview and Level Annotations

Branches:
Dungeon (11/15)            Temple (1/1) D:5            Lair (6/6) D:11
 Shoals (0/4) Lair:3        Snake (0/4) Lair:2        Slime (0/5) Lair:6
    Orc (0/2) D:9

Altars:
Ashenzari
Cheibriados
Dithmenos
Elyvilon
Fedhas
Gozag
Hepliaklqana
Kikubaaqudgha
Makhleb
Nemelex Xobeh
Okawaru
Qazlal
Ru
Sif Muna
Trog
Uskayaw
Vehumet
Wu Jian
Xom
Yredelemnul
Zin
The Shining One

Shops:
D:6 }   D:8 !   D:9 [   D:11 (%(%*

Annotations:
D:7 galech's ghost, novice TrMo


Innate Abilities, Weirdness & Mutations

You can breathe blasts of noxious fumes.
Your lurid green scales are hard. (AC +8)
You cannot fit into any form of body armour.
Your tail ends in a poisonous barb.
Your system is resistant to poisons. (rPois)
You are cold-blooded and may be slowed by cold attacks.


Message History

The worker ant looks even sicker.
The entropy weaver looks as sick as possible!
The soldier ant looks even sicker. x2
You kill the soldier ant!
Vehumet accepts your kill.
You feel your power returning. Vehumet accepts your kill.
You feel your power returning.
You feel a bit more experienced.
The queen ant is engulfed in freezing vapours.
The queen ant stings you!
The entropy weaver is engulfed in freezing vapours.
The soldier ant is engulfed in freezing vapours.
You kill the soldier ant!
Vehumet accepts your kill.
You feel your power returning. Vehumet accepts your kill.
You feel your power returning.
You feel a bit more experienced.
A soldier ant comes into view.
You take 14 damage, and have 99/113 hp.
You regained 2 mp, and now have 35/38 mp.
You hit the queen ant.
The queen ant looks as sick as possible!
The soldier ant is poisoned.
You kill the worker ant!
Vehumet accepts your kill.
You feel your power returning.
The entropy weaver looks as sick as possible!
The soldier ant looks even sicker.
You kill the soldier ant!
Vehumet accepts your kill.
You feel your power returning.
The worker ant is engulfed in freezing vapours.
You kill the worker ant!
Vehumet accepts your kill.
The entropy weaver is engulfed in freezing vapours.
The entropy weaver gestures wildly while chanting.
The entropic weave corrodes you!
The queen ant is engulfed in freezing vapours.
You kill the queen ant!
Vehumet accepts your kill.
A black mamba and a worker ant come into view.
MP restored: 38 You hit the soldier ant.
The soldier ant looks even sicker.
The worker ant is poisoned.
The entropy weaver looks as sick as possible!
Your toxic aura wanes.
The entropy weaver is engulfed in freezing vapours.
The entropy weaver gestures wildly while chanting.
The entropic weave corrodes you!
The worker ant moves out of view.
The soldier ant stings you!
A soldier ant and an entropy weaver come into view.
You take 11 damage, and have 89/113 hp.
Unknown command.
You hit the soldier ant but do no damage.
The soldier ant looks even sicker.
You kill the entropy weaver!
Vehumet accepts your kill.
The entropy weaver is engulfed in freezing vapours.
A soldier ant comes into view.
You hit the soldier ant.
The soldier ant looks as sick as possible!
You tail-slap the soldier ant, but do no damage.
The soldier ant stings you.
The black mamba is engulfed in freezing vapours.
The soldier ant is engulfed in freezing vapours. x2
The entropy weaver is engulfed in freezing vapours.
The entropy weaver gestures wildly while chanting.
The entropic weave corrodes you!
You take 1 damage, and have 89/114 hp.
You feel a surge of power!
You begin to radiate toxic energy.
The soldier ant is poisoned.
The entropy weaver is poisoned.
The soldier ant is poisoned.
The black mamba is engulfed in freezing vapours.
The black mamba seems to slow down.
The soldier ant stings you!
The entropy weaver is engulfed in freezing vapours.
The entropy weaver hits you! x4
The soldier ant is engulfed in freezing vapours.
You kill the soldier ant!
Vehumet accepts your kill.
Vehumet offers you knowledge of Bolt of Draining.
The soldier ant is engulfed in freezing vapours.
The black mamba is engulfed in freezing vapours.
You take 53 damage, and have 36/114 hp.
MASSIVE DAMAGE!!
You now have 34/38 mp.
Unknown command.
You are feeling hungry.
You barely miss the soldier ant.
Your tail-slap misses the soldier ant.
You kill the soldier ant!
Vehumet accepts your kill.
You feel your power returning.
The entropy weaver looks even sicker.
The entropy weaver is engulfed in freezing vapours.
The entropy weaver hits you!
* * * LOW HITPOINT WARNING * * *
The entropy weaver hits you.
* * * LOW HITPOINT WARNING * * *
The entropy weaver hits you!
* * * LOW HITPOINT WARNING * * *
The entropy weaver hits you!
You die...

.#.P......# ##........
.........#########.........
..........#.#.#.##.........
...........................
...........<...............
..#.......................(
P..##.....†.........$.....S
....#.....†##.####......P..
...........#####@†#........
..........## #aa####..#....
........... #§§S ..P....
...P.#....##§§§§ .......
....#.....##§§§§ ..##.##
.P###.#...##... ..# ## #.††
#.##


You could see an entropy weaver, a black mamba and a soldier ant.

Vanquished Creatures
  Rupert (Lair:3)
  An entropy weaver (Lair:6)
  Snorg (D:10)
  10 hydras
  2 two-headed ogres
  A queen ant (Lair:6)
  5 death yaks
  The ghost of galech the Grappler, a novice TrMo of Okawaru (D:8)
  Sonja (Lair:4)
  An unseen horror (D:10)
  A lindwurm (Lair:6)
  A cyclops (D:11)
  Joseph (D:9)
  An ugly thing (D:11)
  A merfolk siren (Lair:3)
  11 elephants
  4 black mambas
  A guardian serpent (Lair:2)
  4 spiny frogs
  2 gargoyles (D:11)
  4 komodo dragons
  A kobold demonologist (D:11)
  A rime drake (Lair:5)
  2 queen bees
  5 polar bears
  11 hippogriffs
  A blink frog (Lair:6)
  Eustachio (D:6)
  33 yaks
  A wraith (D:10)
  3 wyverns
  3 basilisks
  A steam dragon (Lair:1)
  16 soldier ants
  10 water moccasins
  9 porcupines
  2 orc warriors
  A sky beast (D:11)
  4 ice beasts
  2 phantoms
  8 black bears
  A necrophage (D:8)
  An ogre (D:9)
  4 wolves
  13 centaurs
  9 crocodiles
  13 bullfrogs
  4 big kobolds
  7 scorpions
  A water moccasin skeleton (D:8)
  60 killer bees
  17 wights
  4 electric eels
  5 crimson imps
  A bullfrog zombie (D:10)
  A centaur zombie (D:6)
  A quasit (D:8)
  6 hounds
  5 orc priests
  2 centaur skeletons
  4 jellies
  9 orc wizards
  A bullfrog skeleton (D:8)
  Natasha (D:2)
  2 iguanas
  23 worker ants
  A hound zombie (D:8)
  A hound skeleton (D:11)
  22 adders
  13 white imps (D:11)
  An ufetubus (D:11)
  5 oozes
  An adder skeleton (D:6)
  A worm (D:3)
  A dart slug (D:2)
  9 leopard geckos
  69 orcs
  6 bats
  6 giant cockroaches
  4 goblins
  4 hobgoblins
  4 jackals
  5 quokkas
  2 frilled lizards
  30 kobolds
  A leopard gecko skeleton (D:8)
  2 quokka skeletons
  12 rats
  A butterfly (Lair:4)
  A fungus (Lair:4)
  4 plants
571 creatures vanquished.

Vanquished Creatures (collateral kills)
  Erolcha (D:11)
  3 yaks (D:11)
4 creatures vanquished.

Vanquished Creatures (others)
  A water moccasin (D:8)
  A black bear (D:11)
  6 bushes (D:11)
  2 butterflies (Lair:6)
  6 fungi
  16 plants
32 creatures vanquished.

Grand Total: 607 creatures vanquished

Notes
Turn   | Place    | Note
-------+----------+-------------------------------------------
     0 | D:1      | mhoghedin the Draconian Venom Mage began the quest for the Orb.
     0 | D:1      | Reached XP level 1. HP: 14/14 MP: 3/3
   226 | D:1      | Reached XP level 2. HP: 18/20 MP: 1/5
   256 | D:1      | Learned a level 2 spell: Poisonous Vapours
   755 | D:2      | Noticed Natasha
  1113 | D:2      | Reached XP level 3. HP: 23/26 MP: 4/7
  1358 | D:2      | Reached skill level 3 in Spellcasting
  1366 | D:2      | Learned a level 3 spell: Mephitic Cloud
  1418 | D:2      | Reached skill level 4 in Poison Magic
  1441 | D:2      | Reached XP level 4. HP: 33/33 MP: 3/8
  1666 | D:2      | Killed Natasha
  2045 | D:3      | Reached XP level 5. HP: 13/38 MP: 1/10
  2252 | D:3      | Learned a level 4 spell: Olgreb's Toxic Radiance
  3193 | D:4      | Reached skill level 4 in Spellcasting
  3217 | D:4      | Reached skill level 5 in Poison Magic
  3262 | D:4      | Found a glowing silver altar of Zin.
  3396 | D:4      | Reached XP level 6. HP: 44/45 MP: 4/12
  3616 | D:4      | Learned a level 3 spell: Stone Arrow
  3760 | D:4      | Reached skill level 1 in Earth Magic
  3826 | D:4      | Got an encrusted dagger
  3827 | D:4      | Identified the +1 dagger "Adosutru" {antimagic, Int+3} (You found it on level 4 of the Dungeon)
  4089 | D:5      | Entered Level 5 of the Dungeon
  4097 | D:5      | Reached skill level 2 in Conjurations
  4769 | D:5      | Reached skill level 5 in Spellcasting
  4769 | D:5      | Your scales start taking on a lurid green colour.
  4769 | D:5      | Reached skill level 6 in Poison Magic
  4769 | D:5      | Reached XP level 7. HP: 50/50 MP: 14/14
  4769 | D:5      | Gained mutation: Your system is resistant to poisons. (rPois) [Green Draconian growth]
  4855 | D:5      | Reached skill level 2 in Earth Magic
  5000 | D:5      | Found a sacrificial altar of Ru.
  5115 | D:5      | Found a staircase to the Ecumenical Temple.
  5126 | Temple   | Entered the Ecumenical Temple
  5257 | Temple   | Became a worshipper of Vehumet
  5341 | D:6      | Noticed a two-headed ogre
  5522 | D:6      | Found Biec's Gadget Shoppe.
  5545 | D:6      | Reached skill level 3 in Conjurations
  5803 | D:6      | Reached skill level 3 in Earth Magic
  5803 | D:6      | Reached skill level 7 in Poison Magic
  6013 | D:6      | Reached XP level 8. HP: 47/57 MP: 16/16
  6018 | D:6      | Reached skill level 4 in Conjurations
  6235 | D:6      | Noticed Eustachio
  6259 | D:6      | Killed a two-headed ogre
  6259 | D:6      | Reached skill level 5 in Conjurations
  6259 | D:6      | Reached skill level 5 in Earth Magic
  6259 | D:6      | Reached skill level 8 in Poison Magic
  6266 | D:6      | Killed Eustachio
  6620 | D:6      | Reached * piety under Vehumet
  6620 | D:6      | Offered knowledge of Shock by Vehumet.
  6877 | D:7      | HP: 9/57 [centaur/arrow (12)]
  6882 | D:6      | HP: 8/57 [poisoned by an adder]
  7165 | D:7      | Reached XP level 9. HP: 62/62 MP: 17/17
  7311 | D:7      | Reached skill level 6 in Spellcasting
  7478 | D:7      | Noticed galech's ghost (novice TrMo)
  7486 | D:7      | Found the +9 staff of Olgreb {rPois}
  7495 | D:7      | Found a runed door.
  7504 | D:7      | Found a runed gate.
  7505 | D:7      | Found a runed door.
  7518 | D:7      | Found a runed gate.
  7518 | D:7      | Found a runed gate.
  7588 | D:7      | Reached skill level 7 in Spellcasting
  7597 | D:7      | Reached ** piety under Vehumet
  7620 | D:7      | Learned a level 5 spell: Lee's Rapid Deconstruction
  7730 | D:7      | Offered knowledge of Magic Dart by Vehumet.
  8080 | D:7      | Reached skill level 1 in Fighting
  8080 | D:7      | Reached skill level 1 in Staves
  8191 | D:8      | Noticed galech's ghost (novice TrMo)
  8257 | D:8      | Reached skill level 2 in Fighting
  8261 | D:8      | Reached skill level 2 in Staves
  8272 | D:8      | HP: 15/66 [killer bee (5)]
  8273 | D:8      | Reached skill level 3 in Fighting
  8285 | D:8      | Reached skill level 3 in Staves
  8287 | D:8      | HP: 8/68 [phantom (7)]
  8290 | D:8      | Reached XP level 10. HP: 9/76 MP: 21/21
  8593 | D:8      | Reached skill level 4 in Fighting
  8605 | D:8      | Learned a level 5 spell: Venom Bolt
  8614 | D:8      | HP: 8/76 [orc warrior/tomahawk of returning (19)]
  8622 | D:8      | Reached skill level 9 in Poison Magic
  8835 | D:8      | Noticed a two-headed ogre
  8839 | D:8      | Killed a two-headed ogre
  8839 | D:8      | Reached skill level 6 in Conjurations
  9088 | D:8      | Found Fatitoom's Distillery.
  9126 | D:8      | HP: 13/76 [electric eel/bolt of electricity (11)]
  9162 | D:8      | HP: 14/76 [electric eel/bolt of electricity (7)]
  9162 | D:8      | HP: 1/76 [electric eel/bolt of electricity (13)]
  9324 | D:8      | Reached skill level 6 in Earth Magic
  9617 | D:8      | Killed galech's ghost
  9617 | D:8      | Offered knowledge of Throw Flame by Vehumet.
  9617 | D:8      | Reached skill level 7 in Earth Magic
  9849 | D:9      | Found a staircase to the Orcish Mines.
  9849 | D:9      | Found Nublim's Armour Shoppe.
  9933 | D:9      | Reached *** piety under Vehumet
 10096 | D:9      | Reached skill level 8 in Earth Magic
 10251 | D:9      | Offered knowledge of Static Discharge by Vehumet.
 10471 | D:9      | Reached skill level 8 in Spellcasting
 10511 | D:9      | Reached XP level 11. HP: 51/84 MP: 23/23
 10777 | D:9      | Noticed Joseph
 10789 | D:9      | Killed Joseph
 11164 | D:9      | Reached **** piety under Vehumet
 11165 | D:9      | Offered knowledge of Lightning Bolt by Vehumet.
 11385 | D:10     | Entered Level 10 of the Dungeon
 11434 | D:10     | Reached skill level 2 in Dodging
 11598 | D:10     | Reached skill level 1 in Evocations
 11598 | D:10     | Reached skill level 4 in Staves
 11603 | D:10     | Reached skill level 2 in Evocations
 11764 | D:10     | Reached ***** piety under Vehumet
 11784 | D:10     | Noticed Snorg
 11797 | D:10     | Killed Snorg
 11797 | D:10     | Reached skill level 5 in Fighting
 11797 | D:10     | Reached skill level 3 in Dodging
 11834 | D:10     | Noticed an unseen horror
 11857 | D:10     | Killed an unseen horror
 11857 | D:10     | Reached skill level 5 in Staves
 11857 | D:10     | Reached skill level 3 in Evocations
 12134 | D:10     | Offered knowledge of Freezing Cloud by Vehumet.
 12152 | D:10     | Reached skill level 9 in Spellcasting
 12534 | D:11     | Learned a level 6 spell: Freezing Cloud
 12557 | D:11     | Noticed Erolcha
 12568 | D:11     | Killed Erolcha
 12568 | D:11     | Reached skill level 1 in Ice Magic
 12568 | D:11     | Reached skill level 1 in Air Magic
 12590 | D:11     | Reached skill level 7 in Conjurations
 12638 | D:11     | Reached skill level 2 in Ice Magic
 12638 | D:11     | Reached skill level 2 in Air Magic
 12684 | D:11     | Found a labyrinth entrance.
 12709 | D:11     | HP: 21/88 [white imp/puff of frost (4)]
 12718 | D:11     | HP: 13/88 [white imp/puff of frost (10)]
 13012 | D:11     | Found Ytzeic Ashra's Antique Weapon Shop.
 13015 | D:11     | Bought a fine quarterstaff for 252 gold pieces
 13015 | D:11     | Identified the +8 quarterstaff of Calculation {crush, rElec Str+3 Dex-4} (You bought it in a shop on level 11 of the Dungeon)
 13020 | D:11     | Reached skill level 3 in Ice Magic
 13020 | D:11     | Reached skill level 3 in Air Magic
 13020 | D:11     | Reached XP level 12. HP: 51/94 MP: 25/25
 13164 | D:11     | Found Ekkirr's Food Shop.
 13428 | D:11     | Found Biawkycs's Assorted Antiques.
 13513 | D:11     | Reached skill level 4 in Ice Magic
 13513 | D:11     | Reached skill level 4 in Air Magic
 13514 | D:11     | Offered knowledge of Bolt of Cold by Vehumet.
 13514 | D:11     | Reached skill level 8 in Conjurations
 13753 | D:11     | Bought a shiny peridot ring for 155 gold pieces
 14101 | D:11     | Found Qaijari's Food Shoppe.
 14102 | D:11     | Found Maucoist's Weapon Emporium.
 14126 | D:11     | Found a staircase to the Lair.
 14416 | Lair:1   | Entered Level 1 of the Lair of Beasts
 14462 | Lair:1   | Reached skill level 5 in Air Magic
 14563 | Lair:1   | Reached skill level 5 in Ice Magic
 14842 | Lair:1   | Noticed a four-headed hydra
 14856 | Lair:1   | Killed a four-headed hydra
 14856 | Lair:1   | Reached skill level 9 in Conjurations
 15304 | Lair:2   | Noticed a six-headed hydra
 15305 | Lair:2   | Reached skill level 6 in Air Magic
 15309 | Lair:2   | Killed a six-headed hydra
 15309 | Lair:2   | Reached skill level 6 in Ice Magic
 15426 | Lair:2   | Found a staircase to the Snake Pit.
 16121 | Lair:3   | Reached skill level 10 in Spellcasting
 16126 | Lair:3   | Reached XP level 13. HP: 80/101 MP: 26/27
 16375 | Lair:3   | Reached skill level 7 in Air Magic
 16376 | Lair:3   | Reached skill level 7 in Ice Magic
 16543 | Lair:3   | Noticed Rupert
 16547 | Lair:3   | Paralysed by Rupert for 3 turns
 16653 | Lair:3   | Killed Rupert
 16653 | Lair:3   | Reached skill level 10 in Conjurations
 17181 | Lair:3   | Found a staircase to the Shoals.
 17991 | Lair:4   | Noticed Sonja
 18000 | Lair:4   | Killed Sonja
 18000 | Lair:4   | Reached skill level 11 in Spellcasting
 18322 | Lair:5   | Reached skill level 11 in Conjurations
 18562 | Lair:5   | Learned a level 6 spell: Bolt of Cold
 19029 | Lair:6   | Entered Level 6 of the Lair of Beasts
 19205 | Lair:6   | Reached skill level 6 in Fighting
 19205 | Lair:6   | Reached skill level 4 in Dodging
 19229 | Lair:6   | Noticed a dire elephant
 19233 | Lair:6   | Gained mutation: Your tail ends in a poisonous barb. [Green Draconian growth]
 19233 | Lair:6   | Reached XP level 14. HP: 48/110 MP: 13/29
 19234 | Lair:6   | HP: 10/110 [dire elephant (39)]
 19235 | Lair:6   | HP: 4/110 [dire elephant (6)]
 19498 | Lair:6   | HP: 27/110 [eight-headed hydra (11)]
 19498 | Lair:6   | HP: 9/110 [eight-headed hydra (7)]
 19916 | Lair:6   | Found a staircase to the Slime Pits.
 20222 | Lair:6   | Reached ****** piety under Vehumet
 20226 | Lair:6   | Reached skill level 5 in Dodging
 20246 | Lair:6   | Reached skill level 7 in Fighting
 20257 | Lair:6   | Noticed an entropy weaver
 20264 | Lair:6   | Noticed an entropy weaver
 20264 | Lair:6   | Killed an entropy weaver
 20266 | Lair:6   | Offered knowledge of Bolt of Draining by Vehumet.
 20267 | Lair:6   | HP: 20/114 [entropy weaver (16)]
 20267 | Lair:6   | HP: 5/114 [entropy weaver (11)]
 20267 | Lair:6   | Slain by an entropy weaver

Vault maps used:
D:1:      scummos_arrival_forest
D:2:      first_ration, uniq_natasha
D:4:      lemuel_doored_altar, corexii_item_surrounded_by_moat
D:5:      nicolae_ru_path_of_blood, minmay_temple_entry_fiery,
          minmay_misc_feat_nine_boxes
D:6:      serial_shops, nicolae_shop_crystal, uniq_eustachio
D:7:      minmay_guarded_unrand_staff_of_olgreb
D:8:      serial_shops, nicolae_shop_crystal, serial_bayou_ford_a
D:9:      orc_david_3, special_room, david_nohive_1, uniq_joseph
D:10:     minmay_crystal_room, uniq_snorg
D:11:     minmay_lair_entry_grove, serial_ice, serial_ice_g, serial_ice_f,
          serial_ice_i, serial_ice_d, portal_ice_cave_entry_imps, serial_shops,
          nicolae_shop_overgrown_old_shop, shop, kennysheep_mini,
          kennysheep_mini_moat, nicolae_shop_behind_doors, lab_entry_generic,
          uniq_erolcha
Temple:   regret_index_temple_chain_breaker
Lair:1:   beast_lair_carwin_large_3
Lair:2:   minmay_snake_entry_spellcaster, grunt_megastairs_3
Lair:3:   minmay_shoals_entry_lonely_mermaid, columned_hall_lemuel, uniq_rupert
Lair:4:   beast_lair_carwin_11, infiniplex_staircase_pool, lemuel_fruit_fields,
          uniq_sonja
Lair:6:   hangedman_lair_in_review, nicolae_slime_entry_slimehenge, minivault_29

Skill      XL: |  1  2  3  4  5  6  7  8  9 10 11 12 13 14 |
---------------+-------------------------------------------+-----
Spellcasting   | 3 4 5 7 8 9 10 11 | 11.6
Poison Magic   | 4 5 6 7 8 9 |  9.7
Earth Magic    | 1 3 5 8 |  8.8
Conjurations   | 2 3 5 6 7 9 11 | 11.0
Fighting       | 3 4 5 6 7 |  7.7
Staves         | 3 5 |  5.8
Dodging        | 3 4 5 |  5.7
Evocations     | 3 |  3.1
Ice Magic      | 3 6 7 |  7.3
Air Magic      | 3 6 7 |  7.4
Stealth        | |  1.7

Action                   |  1- 3 |  4- 6 |  7- 9 | 10-12 | 13-15 || total
-------------------------+-------+-------+-------+-------+-------++-------
Melee: Unarmed           |    25 |       |       |       |       ||    25
       Tailslap          |    12 |    15 |    22 |    19 |    13 ||    81
       Dagger            |    65 |   161 |    78 |       |       ||   304
       Mace              |       |       |    64 |       |       ||    64
       Staff             |       |       |    47 |   247 |   104 ||   398
       Quarterstaff      |       |       |       |     2 |       ||     2
 Cast: Sting             |    10 |     8 |       |       |       ||    18
       Poisonous Vapours |    10 |    31 |     5 |     6 |     3 ||    55
       Olgreb's Toxic Ra |       |     4 |    21 |    43 |    21 ||    89
       Stone Arrow       |       |     2 |    26 |    49 |    43 ||   120
       Mephitic Cloud    |       |     2 |     7 |     8 |     5 ||    22
       Lee's Rapid Decon |       |       |     1 |    39 |       ||    40
       Venom Bolt        |       |       |       |    69 |    43 ||   112
       Freezing Cloud    |       |       |       |     2 |    18 ||    20
       Bolt of Cold      |       |       |       |       |     8 ||     8
 Abil: Breathe Noxious F |       |       |     2 |    12 |     5 ||    19
Evoke: Wand              |       |       |     1 |     5 |       ||     6
  Use: Scroll            |     3 |     5 |     5 |    14 |     4 ||    31
       Potion            |       |       |     3 |     4 |     1 ||     8
 Stab: Sleeping          |     3 |     3 |     1 |     2 |       ||     9
       Confused          |       |       |     5 |       |     1 ||     6
       Paralysed         |       |       |       |     2 |       ||     2
  Eat: Chunk             |     3 |     6 |     5 |    31 |    25 ||    70
       Ration            |       |     2 |     3 |     8 |     2 ||    15
Armor: Skin              |    29 |    57 |    70 |   154 |    53 ||   363
Dodge: Dodged            |    68 |   110 |   150 |   287 |   110 ||   725
Block: Other             |       |       |       |    11 |    30 ||    41

Table legend:
 A = Spawn XP
 B = Non-spawn XP
 C = Spawn XP percentage of total XP
 D = Spawn monster count
 E = Non-spawn monster count
 F = Spawn count percentage of total count
 G = Total turns spent on level
                    A         B        C        D         E        F      G
               +---------+---------+-------+---------+---------+-------+---------
         Total |       0 |   74893 |   0.0 |       0 |     570 |   0.0 | 20267
               +---------+---------+-------+---------+---------+-------+---------
           D:1 |       0 |      28 |   0.0 |       0 |      18 |   0.0 |   995
           D:2 |       0 |     120 |   0.0 |       0 |      24 |   0.0 |   788
           D:3 |       0 |      98 |   0.0 |       0 |      14 |   0.0 |  1303
           D:4 |       0 |     425 |   0.0 |       0 |      24 |   0.0 |  1449
           D:5 |       0 |     232 |   0.0 |       0 |      10 |   0.0 |   987
           D:6 |       0 |    1864 |   0.0 |       0 |      30 |   0.0 |  1442
           D:7 |       0 |    1772 |   0.0 |       0 |      42 |   0.0 |  1111
           D:8 |       0 |    3716 |   0.0 |       0 |      35 |   0.0 |  1511
           D:9 |       0 |    3591 |   0.0 |       0 |      75 |   0.0 |  1661
          D:10 |       0 |    5299 |   0.0 |       0 |      49 |   0.0 |  1307
          D:11 |       0 |   10228 |   0.0 |       0 |      94 |   0.0 |  1724
        Lair:1 |       0 |    5482 |   0.0 |       0 |      25 |   0.0 |   872
        Lair:2 |       0 |    4527 |   0.0 |       0 |      15 |   0.0 |   813
        Lair:3 |       0 |   11429 |   0.0 |       0 |      24 |   0.0 |  1281
        Lair:4 |       0 |    6016 |   0.0 |       0 |      21 |   0.0 |   907
        Lair:5 |       0 |    6102 |   0.0 |       0 |      13 |   0.0 |   740
        Lair:6 |       0 |   13964 |   0.0 |       0 |      57 |   0.0 |  1238
               +---------+---------+-------+---------+---------+-------+---------

Vault maps used:
D:1:      scummos_arrival_forest
D:2:      first_ration, uniq_natasha
D:4:      lemuel_doored_altar, corexii_item_surrounded_by_moat
D:5:      nicolae_ru_path_of_blood, minmay_temple_entry_fiery,
          minmay_misc_feat_nine_boxes
D:6:      serial_shops, nicolae_shop_crystal, uniq_eustachio
D:7:      minmay_guarded_unrand_staff_of_olgreb
D:8:      serial_shops, nicolae_shop_crystal, serial_bayou_ford_a
D:9:      orc_david_3, special_room, david_nohive_1, uniq_joseph
D:10:     minmay_crystal_room, uniq_snorg
D:11:     minmay_lair_entry_grove, serial_ice, serial_ice_g, serial_ice_f,
          serial_ice_i, serial_ice_d, portal_ice_cave_entry_imps, serial_shops,
          nicolae_shop_overgrown_old_shop, shop, kennysheep_mini,
          kennysheep_mini_moat, nicolae_shop_behind_doors, lab_entry_generic,
          uniq_erolcha
Temple:   regret_index_temple_chain_breaker
Lair:1:   beast_lair_carwin_large_3
Lair:2:   minmay_snake_entry_spellcaster, grunt_megastairs_3
Lair:3:   minmay_shoals_entry_lonely_mermaid, columned_hall_lemuel, uniq_rupert
Lair:4:   beast_lair_carwin_11, infiniplex_staircase_pool, lemuel_fruit_fields,
          uniq_sonja
Lair:6:   hangedman_lair_in_review, nicolae_slime_entry_slimehenge, minivault_29

Table legend:
 A = Turns spent in this place as a percentage of turns spent in the entire game.
 B = Non-inter-level travel turns spent in this place as a percentage of non-inter-level travel turns spent in the entire game.
 C = Inter-level travel turns spent in this place as a percentage of turns spent in this place.
 D = Turns resting spent in this place as a percentage of non-inter-level travel turns spent in this place.
 E = Turns spent auto-exploring this place as a percentage of non-inter-level travel turns spent in this place.
 F = Non-inter-level travel turns spent in this place divided by the number of levels of this place that you've seen.
                   A       B       C       D       E      F
               +-------+-------+-------+-------+-------+----------------------
         Total | 100.0 | 100.0 |   2.5 |  35.7 |  44.6 | 1097.8
       Dungeon |  70.4 |  70.2 |   2.8 |  38.1 |  41.3 | 1261.5
        Temple |   0.7 |   0.6 |  11.6 |   0.0 |  96.7 | 122.0
          Lair |  28.9 |  29.2 |   1.5 |  30.8 |  51.4 | 960.5
               +-------+-------+-------+-------+-------+----------------------

Table legend:
 A = Kills in this place as a percentage of kills in entire the game.
 B = Kills by you in this place as a percentage of kills by you in the entire game.
 C = Kills by friends in this place as a percentage of kills by friends in the entire game.
 D = Other kills in this place as a percentage of other kills in the entire game.
 E = Experience gained in this place as a percentage of experience gained in the entire game.
 F = Experience gained in this place divided by the number of levels of this place that you have seen.
                   A       B       C       D       E      F
               +-------+-------+-------+-------+-------+----------------------
         Total | 100.0 | 100.0 | 100.0 | 100.0 | 100.0 | 4160.7
       Dungeon |  72.8 |  72.3 | 100.0 |  90.0 |  36.5 | 2488.5
          Lair |  27.2 |  27.7 |   0.0 |  10.0 |  63.5 | 7920.0
               +-------+-------+-------+-------+-------+----------------------
